 Dungeon Crawl Stone Soup version 0.17-a0-1769-g54adf96 (webtiles) character file.

150 Psiweapon the Cudgeler (level 5, 0/50 HPs)
             Began as an Ogre Hunter on Sept 7, 2015.
             Was a Follower of Makhleb.
             Succumbed to an orc wizard's poison
             ... on level 3 of the Dungeon.
             The game lasted 00:07:28 (2696 turns).

Psiweapon the Cudgeler (Ogre Hunter)                Turns: 2696, Time: 00:07:28

Health: 0/50       AC:  3    Str: 18    XL:     5   Next: 32%
Magic:  5/5        EV: 10    Int: 15    God:    Makhleb [*.....]
Gold:   115        SH:  0    Dex: 10    Spells: 0 memorised, 4 levels left

rFire  . . .     SeeInvis .     h - +0 whip
rCold  . . .     Clarity  .     d - +0 robe
rNeg   . . .     SustAt   .     (no shield)
rPois  .         Gourm    .     (helmet restricted)
rElec  .         Spirit   .     (no cloak)
rCorr  .         Warding  .     (gloves unavailable)
rMut   .         Stasis   .     (boots unavailable)
MR     .....                    (no amulet)
Stlth  +.........               (no ring)
                                (no ring)

@: brilliant, lethally poisoned (0 -> -2), not resistant to hostile
enchantments, very unstealthy
A: unfitting armour, tough skin 1
a: Renounce Religion


You were on level 3 of the Dungeon.
You worshipped Makhleb.
Makhleb was aware of your devotion.
You were not hungry.

You visited 1 branch of the dungeon, and saw 3 of its levels.

You collected 115 gold pieces.

Inventory:

Hand weapons
 c - a +0 short sword
 h - a +0 whip (weapon)
Missiles
 b - 2 throwing nets (quivered)
 j - 89 stones
Armour
 d - a +0 robe (worn)
Scrolls
 g - a scroll of teleportation {unknown}
 i - a scroll of random uselessness {unknown}
 m - a scroll of noise {unknown}
 o - a scroll of enchant armour {unknown}
 s - 2 scrolls of amnesia
 t - 3 scrolls of recharging
 w - a scroll of magic mapping {unknown}
 y - a scroll of remove curse {unknown}
Potions
 x - a potion of magic
Comestibles
 e - a bread ration
 k - a royal jelly
 p - a slice of pizza
 q - 4 chunks of flesh
 r - 5 fruits
 u - 2 beef jerkies
 v - a meat ration


   Skills:
 - Level 2.6 Fighting
 + Level 4.4 Maces & Flails
 - Level 4.3 Throwing
 + Level 3.5 Dodging
 - Level 0.7 Stealth


You had 4 spell levels left.
You didn't know any spells.

Dungeon Overview and Level Annotations

Branches:
Dungeon (3/15)

Altars:
Makhleb
Ru


Innate Abilities, Weirdness & Mutations

You are too large for most types of armour.
You have tough skin (AC +1).


Message History

It was a potion of cancellation.
You feel magically purged.
* * * LOW HITPOINT WARNING * * *
You feel sick.
Drink which item? (? for menu, Esc to quit)
It was a potion of brilliance.
You feel clever all of a sudden.
There is a lethal amount of poison in your body!
* * * LOW HITPOINT WARNING * * *
You feel sick.
* * * LOW HITPOINT WARNING * * *
You feel sick.
* * * LOW HITPOINT WARNING * * *
You feel sick.
* * * LOW HITPOINT WARNING * * *
You feel sick.
* * * LOW HITPOINT WARNING * * *
You feel sick.
* * * LOW HITPOINT WARNING * * *
You feel sick.
You die...

#.# #.. #(#
#(# #(# #(#
# #)# .#
#.###.#####
#.@........
#.###.#####
#.# # #.#
#.# #.# #.#
#.


There were no monsters in sight!

Vanquished Creatures
  An orc priest (D:3)
  An orc wizard (D:3)
  4 adders (D:2)
  An ooze (D:1)
  A giant gecko (D:1)
  2 orcs (D:3)
  4 ball pythons
  8 giant cockroaches
  7 goblins
  3 hobgoblins
  6 bats
  6 giant newts
  8 kobolds
  8 rats
60 creatures vanquished.

Notes
Turn   | Place    | Note
--------------------------------------------------------------
     0 | D:1      | Psiweapon the Ogre Hunter began the quest for the Orb.
     0 | D:1      | Reached XP level 1. HP: 22/22 MP: 1/1
    92 | D:1      | Reached skill level 1 in Maces & Flails
   272 | D:1      | Reached XP level 2. HP: 29/29 MP: 2/2
   721 | D:1      | Reached XP level 3. HP: 18/36 MP: 3/3
  1477 | D:2      | Found a burning altar of Makhleb.
  1493 | D:2      | Became a worshipper of Makhleb the Destroyer
  1859 | D:2      | Reached XP level 4. HP: 40/44 MP: 4/4
  1949 | D:2      | Found a sacrificial altar of Ru.
  2468 | D:2      | Acquired Makhleb's first power
  2644 | D:3      | Reached XP level 5. HP: 50/50 MP: 5/5
  2688 | D:3      | HP: 2/50 [poisoned by an orc wizard]
  2693 | D:3      | HP: 1/50 [poisoned by an orc wizard]
  2696 | D:3      | Succumbed to an orc wizard's poison

Vault maps used:
D:1:      roderic_crossed_star, minmay_close_crescents
D:2:      lemuel_crystal_altar, lemuel_crystal_altar
D:3:      serial_park_tiny_2, kennysheep_orc_chapel, uniq_crazy_yiuf_cottage

Action                   |  1- 3 |  4- 6 || total
-------------------------+-------+-------++-------
Melee: Whip              |   102 |    82 ||   184
       Short sword       |     1 |       ||     1
Throw: Stone             |    72 |    35 ||   107
       Large rock        |     1 |    14 ||    15
  Use: Scroll            |       |     4 ||     4
       Potion            |       |     3 ||     3
  Eat: Meat ration       |     1 |       ||     1
       Chunk             |     1 |       ||     1
